 Dungeon Crawl Stone Soup version 0.27.0 (webtiles) character file.

Game seed: 7117918795649222731

123714 backslashecho the Severer (level 16, -8/154 HPs)
             Began as a Deep Dwarf Fighter on July 30, 2021.
             Was the Champion of Makhleb.
             Killed from afar by a deep elf zephyrmancer (27 damage)
             ... with a bolt of lightning
             ... on level 14 of the Dungeon on July 31, 2021.
             The game lasted 02:01:50 (22802 turns).

backslashecho the Severer (Deep Dwarf Fighter)     Turns: 22802, Time: 02:01:51

Health: -8/154     AC: 24    Str: 31    XL:     16   Next: 37%
Magic:  14/14      EV:  8    Int:  9    God:    Makhleb [******]
Gold:   865        SH: 15    Dex: 12    Spells: 15/15 levels left

rFire    . . .     SeeInvis .   a - +1 broad axe
rCold    . . .     Faith    .   c - +0 kite shield
rNeg     + . .     Spirit   .   Q - +2 plate armour {Will+}
rPois    .         Reflect  .   H - +0 helmet "Hutaevou" {Str+4}
rElec    .         Harm     .   F - +2 cloak {Will+}
rCorr    .         Rampage  .   m - +0 pair of gloves
Will     ++++.                  W - +0 pair of boots {Stlth+}
Stlth    ..........             (no amulet)
HPRegen  0.00/turn              h - ring of flight
MPRegen  0.14/turn              X - +4 ring of slaying

@: flying
A: damage resistance, heal wounds, negative energy resistance 1, sense
surroundings 2, no regeneration
a: Heal Wounds, Renounce Religion, Minor Destruction, Lesser Servant of Makhleb,
Major Destruction, Greater Servant of Makhleb


You were on level 14 of the Dungeon.
You worshipped Makhleb.
Makhleb was exalted by your worship.
You visited 4 branches of the dungeon, and saw 23 of its levels.
You also visited: Sewer and Ossuary.

You collected 2332 gold pieces.
You spent 1467 gold pieces at shops.

Inventory:

Hand Weapons
 a - a +1 broad axe (weapon)
 b - a +1 war axe of flaming
Missiles
 i - 104 poisoned darts
 j - 5 datura-tipped darts
 w - 2 throwing nets
 K - 10 curare-tipped darts
 R - 6 javelins (quivered)
Armour
 c - a +0 kite shield (worn)
 m - a +0 pair of gloves (worn)
 F - a +2 cloak of willpower (worn)
 H - the +0 helmet "Hutaevou" (worn) {Str+4}
   (You bought it in a shop on level 2 of the Orcish Mines)

   Str:       It affects your strength (+4).
 Q - a +2 plate armour of willpower (worn)
 W - a +0 pair of boots of stealth (worn)
Jewellery
 h - a ring of flight (left hand)
 k - a ring of resist corrosion
 l - a ring of positive energy
 P - a +4 ring of evasion
 T - a ring of protection from cold
 U - a ring of fire
 X - a +4 ring of slaying (right hand)
Wands
 t - a wand of mindburst (16)
 D - a wand of polymorph (12)
 I - a wand of acid (9)
 M - a wand of flame (46)
 N - a wand of iceblast (37)
 S - a wand of charming (4)
Scrolls
 f - 3 scrolls of teleportation
 g - 10 scrolls of identify
 n - 4 scrolls of amnesia
 o - 3 scrolls of silence
 r - a scroll of holy word
 s - 5 scrolls of fear {unknown}
 v - 3 scrolls of enchant weapon
 x - 4 scrolls of vulnerability
 y - 3 scrolls of torment {unknown}
 z - 2 scrolls of immolation {unknown}
 G - 5 scrolls of enchant armour
 L - 8 scrolls of magic mapping
 O - 2 scrolls of blinking
Potions
 d - 2 potions of might
 e - 6 potions of flight
 p - 9 potions of curing
 q - 3 potions of heal wounds
 u - a potion of cancellation
 A - a potion of invisibility
 C - 3 potions of magic
 E - 12 potions of haste
 J - 2 potions of berserk rage
 V - a potion of resistance
Miscellaneous
 B - a condenser vane (inert)


   Skills:
 + Level 12.4 Fighting
 - Level 18.0 Axes
 + Level 9.9 Armour
 - Level 6.6 Stealth
 - Level 15.0 Shields
 - Level 11.3 Invocations


You had 15 spell levels left.
You didn't know any spells.
Your spell library contained the following spells:

 Spells                   Type           Power      Damage    Failure   Level
 Ensorcelled Hibernation  Hex/Ice        0%         N/A       99%         2
 Slow                     Hex            0%         N/A       99%         2
 Static Discharge         Conj/Air       0%         N/A       99%         2
 Call Canine Familiar     Summ           0%         N/A       100%        3
 Confusing Touch          Hex            0%         N/A       100%        3
 Ozocubu's Armour         Ice            0%         N/A       100%        3
 Portal Projectile        Hex/Tloc       0%         N/A       100%        3
 Spider Form              Tmut/Pois      0%         N/A       100%        3
 Airstrike                Air            0%         N/A       100%        4
 Leda's Liquefaction      Hex/Erth       0%         N/A       100%        4
 Summon Lightning Spire   Summ/Air       0%         N/A       100%        4
 Blade Hands              Tmut           0%         N/A       100%        5
 Irradiate                Conj/Tmut      0%         3d13      100%        5
 Lightning Bolt           Conj/Air       0%         1d11      100%        5
 Metabolic Englaciation   Hex/Ice        0%         N/A       100%        5
 Yara's Violent Unravell  Hex/Tmut       0%         3d3       100%        5
 Shadow Creatures         Summ           N/A        N/A       100%        6
 Simulacrum               Ice/Necr       0%         N/A       100%        6
 Dragon Form              Tmut           0%         N/A       100%        7
 Maxwell's Capacitive Co  Air            0%         ∞         100%        8


Dungeon Overview and Level Annotations

Branches:
Dungeon (14/15)            Temple (1/1) D:4            Lair (6/6) D:10
  Swamp (0/4) Lair:4       Spider (0/4) Lair:2        Slime (0/5) Lair:6
    Orc (2/2) D:12            Elf (0/3) Orc:2        Vaults (0/5) D:13
  Sewer (visited)         Ossuary (visited)

Altars:
Ashenzari
Gozag
Hepliaklqana
Makhleb
Okawaru
Sif Muna
Vehumet
Xom
The Shining One
Beogh
Jiyva

Shops:
D:1 *   D:2 :   D:7 ((*   D:13 [   Orc:2 [((:(

Portals:
Trove: D:12 (give 12 potions of heal wounds)

Annotations:
D:4 Dowan, Duvessa, Natasha
D:5 exclusion: statue
D:10 1 runed translucent door
D:14 exclusion: 2 tengu warriors


Innate Abilities, Weirdness & Mutations

You are resistant to damage.
You can heal yourself by infusing magical energy.
You resist negative energy. (rN+)
You passively map the area around you.
You do not regenerate.


Message History

The deep elf pyromancer casts a spell at you.
The bolt of fire hits you!!
You take 28 damage, and have 81/154 hp.
Unknown command.
The deep elf pyromancer casts a spell.
The deep elf pyromancer blinks!
The deep elf zephyrmancer casts a spell at you.
The bolt of lightning hits you!
You take 4 damage, and have 77/154 hp.
The deep elf zephyrmancer points at you and mumbles some strange words.
The bolt of lightning hits you!
The bolt of lightning hits you but does no damage.
You see here 24 stones.
You take 10 damage, and have 67/154 hp.
The deep elf zephyrmancer casts a spell at you.
The bolt of lightning hits you!!
You take 20 damage, and have 47/154 hp.
The deep elf zephyrmancer gestures wildly while chanting.
The deep elf zephyrmancer blinks!
There is an open door here.
You see here 24 stones.
You are too injured to fight recklessly!
You are too injured to fight recklessly!
You slice the deep elf zephyrmancer!!
The deep elf zephyrmancer is severely wounded.
You block the deep elf zephyrmancer's attack.
You closely miss the deep elf zephyrmancer.
The deep elf zephyrmancer is severely wounded.
The deep elf zephyrmancer points at you and mumbles some strange words.
The bolt of lightning hits you!!
* * * LOW HITPOINT WARNING * * *
The bolt of lightning hits you!
* * * LOW HITPOINT WARNING * * *
You take 28 damage, and have 19/154 hp.
Unknown command.
You hit the deep elf zephyrmancer but do no damage.
The deep elf zephyrmancer is severely wounded.
The deep elf zephyrmancer gestures at you while chanting.
The bolt of lightning hits you!!
You die...

#............#####
#####.................
#...#.................
#...#.................
#...#.................
#...#..........>......
#####...#..e.....##'######
*........'........#...# #
.####...#@e......#...# #
,#.....###......#...# #
,#.≈≈≈##≈≈≈#.....#...# #
#≈≈##≈≈≈≈≈≈.....+...# #
#≈≈≈≈≈≈≈e#≈.....#.### #
*..#≈≈..eee#≈..###### #.
≈>..).e≈#e.# ≈#≈.e.e≈≈#..#
*,≈#≈≈≈≈≈≈ ≈#.#


You could see 2 deep elf zephyrmancers.

Vanquished Creatures
  Rupert (D:13)
  Kirke (D:13)
  An orc warlord (Orc:1)
  A vault guard (D:12)
  An ogre mage (Orc:2)
  2 boulder beetles (D:13)
  8 hydras
  4 centaur warriors
  9 two-headed ogres
  5 death yaks (Lair:6)
  Urug (D:11)
  A fire crab (shapeshifter) (D:14)
  A deep elf pyromancer (D:14)
  An orc knight (D:13)
  4 orc sorcerers
  A cyclops (D:12)
  Maurice (D:10)
  10 elephants
  A manticore (D:14)
  7 black mambas
  19 cane toads
  2 gargoyles
  2 kobold demonologists
  7 rime drakes
  11 komodo dragons
  7 polar bears
  A meliai (D:13)
  A troll (Orc:2)
  3 jumping spiders (Lair:2)
  7 hornets
  Prince Ribbit (D:5)
  5 slime creatures
  A tyrant leech (Lair:3)
  9 blink frogs
  2 redbacks (Lair:2)
  3 wraiths
  15 spriggans (Lair:6)
  48 yaks
  A vampire (D:9)
  A shadow (D:9)
  16 humans (D:13)
  6 hogs (D:13)
  A steam dragon (D:10)
  6 wyverns
  2 wargs (Orc:1)
  3 basilisks
  2 swamp worms (Lair:4)
  A hydra simulacrum (Lair:1)
  16 water moccasins
  4 acid dragons
  23 orc warriors
  A sky beast (D:6)
  An ice beast (D:8)
  7 black bears
  4 boggarts (Lair:6)
  2 necrophages
  21 wolves
  6 ogres
  A phantom (D:7)
  2 centaurs
  12 kobold brigands (D:8)
  16 bullfrogs
  3 gnoll sergeants
  A cane toad simulacrum (Lair:1)
  5 scorpions
  A wyvern skeleton (D:7)
  2 water moccasin zombies (Ossuary)
  A water moccasin skeleton (D:4)
  5 killer bees
  10 wights
  2 howler monkeys (D:10)
  A bullfrog zombie (D:6)
  3 centaur zombies
  3 hounds
  24 orc priests
  A water moccasin simulacrum (Lair:1)
  Crazy Yiuf (D:4)
  A centaur skeleton (D:5)
  A gnoll shaman (D:6)
  Natasha (D:4)
  31 orc wizards
  A killer bee zombie (D:7)
  A bullfrog simulacrum (Lair:1)
  A basilisk simulacrum (Lair:1)
  2 hound skeletons (D:5)
  A howler monkey zombie (D:11)
  2 mummies (Ossuary)
  2 howler monkey skeletons
  7 adders
  17 gnolls
  4 river rats (Sewer)
  A shadow imp (D:3)
  2 ufetubi
  4 adder zombies (Ossuary)
  4 worms
  A dart slug (D:1)
  67 orcs
  5 ball pythons
  5 endoplasms
  7 giant cockroaches
  A gnoll zombie (Ossuary)
  7 goblins
  9 hobgoblins
  7 jackals (D:2)
  37 kobolds
  6 quokkas
  6 bats
  9 frilled lizards
  6 hobgoblin zombies (Ossuary)
  6 kobold zombies (Ossuary)
  8 orc zombies (Ossuary)
  21 rats
  A butterfly (D:10)
715 creatures vanquished.

Vanquished Creatures (collateral kills)
  An orc high priest (Orc:2)
  3 orc sorcerers (Orc:2)
  An orc warrior (Orc:2)
  An orc priest (Orc:2)
  4 orc wizards (Orc:2)
  An orc (D:8)
11 creatures vanquished.

Vanquished Creatures (others)
  Pikel (D:4)
  An orc warrior (Orc:1)
  A phantom (D:4)
  A howler monkey (D:4)
  2 orc wizards
  An orc (D:8)
  A bush (D:10)
  55 fungi
  61 plants
124 creatures vanquished.

Grand Total: 850 creatures vanquished

Notes
Turn   | Place    | Note
-------+----------+-------------------------------------------
     0 | D:1      | backslashecho the Deep Dwarf Fighter began the quest for
                  | the Orb.
     0 | D:1      | Reached XP level 1. HP: 20/20 MP: 1/1
   113 | D:1      | Reached XP level 2. HP: 17/27 MP: 2/2
   380 | D:1      | Found Irel's Assorted Antiques.
   392 | D:1      | Reached skill level 3 in Axes
   899 | D:2      | Found Feorrua's Book Shoppe.
   911 | D:2      | Reached XP level 3. HP: 15/34 MP: 3/3
  1160 | D:2      | Reached XP level 4. HP: 7/42 MP: 4/4
  2161 | D:3      | Reached skill level 4 in Axes
  2336 | D:3      | Found a faded altar of an unknown god.
  2478 | D:4      | Noticed Natasha
  2492 | D:3      | Reached XP level 5. HP: 28/49 MP: 4/4
  2545 | D:4      | Found a staircase to the Ecumenical Temple.
  2547 | D:4      | Noticed Dowan
  2547 | D:4      | Noticed Duvessa
  2550 | Temple   | Entered the Ecumenical Temple
  2565 | Temple   | Became a worshipper of Makhleb the Destroyer
  2862 | D:4      | Killed Natasha
  2984 | D:4      | Reached skill level 5 in Axes
  2984 | D:4      | Reached XP level 6. HP: 31/57 MP: 4/4
  3210 | D:4      | Found a runed translucent door.
  3211 | D:4      | Noticed Crazy Yiuf
  3506 | D:4      | Noticed Natasha
  3557 | D:4      | Killed Crazy Yiuf
  3687 | D:5      | Entered Level 5 of the Dungeon
  3753 | D:5      | Noticed Pikel
  3774 | D:4      | Killed Pikel
  3775 | D:4      | Reached XP level 7. HP: 30/64 MP: 5/5
  3820 | D:5      | Reached skill level 5 in Shields
  3824 | D:5      | Reached skill level 6 in Axes
  4012 | D:5      | Reached skill level 5 in Armour
  4059 | D:5      | Found a radiant altar of Vehumet.
  4143 | D:5      | Reached * piety under Makhleb
  4221 | D:5      | Reached skill level 7 in Axes
  4221 | D:5      | Reached XP level 8. HP: 62/73 MP: 6/6
  4281 | D:6      | Noticed a gargoyle
  4298 | D:6      | Noticed Prince Ribbit
  4475 | D:5      | Killed Prince Ribbit
  4619 | D:6      | Found a glowing drain.
  4646 | Sewer    | Entered a sewer
  4797 | Sewer    | Reached ** piety under Makhleb
  5056 | Sewer    | Reached skill level 5 in Fighting
  5252 | D:6      | Reached *** piety under Makhleb
  5253 | D:6      | Reached skill level 8 in Axes
  5646 | D:7      | Gained mutation: You passively map the area around you.
                  | [Deep Dwarf growth]
  5646 | D:7      | Reached XP level 9. HP: 69/81 MP: 7/7
  5701 | D:7      | Found Coysedil's Weapon Emporium.
  5871 | D:1      | Bought an encrusted chain mail for 199 gold pieces
  5871 | D:1      | Identified the +1 chain mail of the Stars {Int-2 Dex+6}
                  | (You bought it in a shop on level 1 of the Dungeon)
  5993 | D:7      | Found Wasupa's Weapon Boutique.
  6084 | D:7      | Reached skill level 9 in Axes
  6608 | D:7      | Found Feduerug's Assorted Antiques.
  6616 | D:7      | Bought a helmet for 121 gold pieces
  6960 | D:8      | Found a sand-covered staircase.
  6973 | Ossuary  | Entered an ossuary
  7036 | Ossuary  | Reached **** piety under Makhleb
  7204 | D:8      | Reached skill level 10 in Axes
  7243 | D:8      | Noticed a kobold demonologist
  7260 | D:8      | Noticed an ice devil
  7264 | D:8      | Noticed an orange demon
  7277 | D:8      | Killed a kobold demonologist
  7278 | D:8      | Reached XP level 10. HP: 43/92 MP: 8/8
  7520 | D:8      | Reached ***** piety under Makhleb
  7787 | D:8      | Noticed a two-headed ogre
  7821 | D:8      | Killed a two-headed ogre
  8105 | D:8      | Reached skill level 11 in Axes
  8106 | D:8      | Found a shimmering blue altar of Sif Muna.
  8187 | D:9      | Noticed a two-headed ogre
  8218 | D:8      | Killed a two-headed ogre
  8942 | D:9      | Noticed a two-headed ogre
  8956 | D:9      | Killed a two-headed ogre
  9064 | D:9      | Noticed a centaur warrior
  9131 | D:9      | Paralysed by a hornet for 2 turns
  9696 | D:9      | Killed a centaur warrior
  9697 | D:9      | Reached XP level 11. HP: 86/100 MP: 6/6
  9708 | D:9      | Reached skill level 12 in Axes
  9879 | D:8      | Reached XP level 12. HP: 44/109 MP: 6/15
  9880 | D:8      | Reached skill level 14 in Axes
  9880 | D:8      | Reached XP level 13. HP: 46/116 MP: 6/16
  9881 | D:8      | Reached skill level 15 in Axes
  9881 | D:8      | Reached skill level 10 in Shields
  9881 | D:8      | Gained mutation: You resist negative energy. (rN+) [Deep
                  | Dwarf growth]
  9881 | D:8      | Reached XP level 14. HP: 51/127 MP: 6/17
 10016 | D:10     | Entered Level 10 of the Dungeon
 10309 | D:10     | Noticed Maurice
 10333 | D:10     | Killed Maurice
 10722 | D:1      | Bought a broad axe for 84 gold pieces
 10722 | D:1      | Bought a glowing diamond ring for 105 gold pieces
 10889 | D:10     | Found a staircase to the Lair.
 11080 | D:10     | Found a runed translucent door.
 11087 | D:10     | Found a runed translucent door.
 11839 | D:11     | Noticed Urug
 11849 | D:11     | Killed Urug
 12063 | D:11     | Reached skill level 16 in Axes
 12507 | Lair:1   | Entered Level 1 of the Lair of Beasts
 12686 | Lair:1   | Found a transporter.
 12933 | Lair:1   | Found a transporter.
 13515 | Lair:2   | Reached skill level 17 in Axes
 13976 | Lair:2   | Found a hole to the Spider Nest.
 15078 | Lair:3   | Reached ****** piety under Makhleb
 15507 | Lair:4   | Found a staircase to the Swamp.
 15548 | Lair:4   | Reached XP level 15. HP: 43/135 MP: 15/15
 15804 | Lair:4   | Reached skill level 18 in Axes
 16420 | Lair:5   | Identified the +3 spear of Roofyabloxt {vorpal, rElec rCorr
                  | Int+3}
 16805 | Lair:6   | Entered Level 6 of the Lair of Beasts
 17131 | Lair:6   | Identified the +7 rapier "Ytoe" {drain, Will+ Dex+3}
 17236 | Lair:6   | Reached skill level 10 in Fighting
 17311 | Lair:6   | Paralysed by a hornet for 1 turns
 17710 | Lair:6   | Found a viscous altar of Jiyva.
 17711 | Lair:6   | Found a staircase to the Slime Pits.
 19136 | D:12     | Found a portal to a secret trove of treasure.
 19249 | D:12     | Found a staircase to the Orcish Mines.
 19377 | D:13     | Found a gate to the Vaults.
 19377 | D:13     | Noticed Rupert
 19457 | D:13     | Reached skill level 1 in Stealth
 19615 | D:13     | Killed Rupert
 19870 | D:13     | Noticed Kirke
 19911 | D:13     | Killed Kirke
 19938 | D:13     | Reached XP level 16. HP: 92/151 MP: 14/14
 20059 | D:13     | Reached skill level 15 in Shields
 20101 | D:13     | Reached skill level 5 in Stealth
 20139 | D:13     | Found Eliawk's Antique Armour Boutique.
 21098 | Orc:1    | Entered Level 1 of the Orcish Mines
 21219 | Orc:2    | Entered Level 2 of the Orcish Mines
 21609 | Orc:2    | Found Quschety's Armour Shoppe.
 21640 | Orc:2    | Found a staircase to the Elven Halls.
 21643 | Orc:2    | Bought the +0 helmet "Hutaevou" {Str+4} for 318 gold pieces
 21643 | Orc:2    | Bought a +2 plate armour of willpower for 640 gold pieces
 22135 | Orc:2    | Found Bebly's Weapon Shop.
 22135 | Orc:2    | Found Lorphis's Antique Weapon Shop.
 22136 | Orc:2    | Found Xofupac's Book Boutique.
 22140 | Orc:2    | Found Beuda's Weapon Boutique.
 22785 | D:14     | Identified the +3 rapier "Zuluko" {drain, MP+9 Dex+4}
 22802 | D:14     | Killed from afar by a deep elf zephyrmancer

Illustrated notes

Levels and vault maps discovered:
D:1:      nzn_arrival_settlement, layout_basic, serial_shops,
          nicolae_diamond_shop, hangedman_decor_points, serial_bayou_pond_d
D:2:      layout_basic, serial_shops, shop, st_stairs_6
D:3:      layout_rooms, hellmonk_ecumenical_altar_lost_god,
          chequers_decorated_corner, supply_closet_lemuel
D:4:      layout_basic, temple_doors_e, kennysheep_generic_room_3, uniq_duvessa,
          uniq_crazy_yiuf_cottage, uniq_natasha
D:5:      layout_rooms, vehumet_statue, minivault_14, minmay_crystal_room,
          uniq_pikel
D:6:      layout_rooms, cheibrodos_sewer_entry_sluice, uniq_prince_ribbit1
D:7:      layout_cave_pods, serial_shops, nicolae_shop_waterfront,
          nicolae_shop_statue_plus, shop, minmay_hedge_maze, dk_noncrumbling_3
D:8:      layout_gridville, tgw_sif, enter_ossuary_3, special_room
          [special_room_kobold]
D:9:      layout_irregular_city, grunt_decor_mini_mirrors, nicolae_wwwww,
          minivault_27
D:10:     lemuel_insect_pit, layout_irregular_city, minmay_lair_entry_grove,
          uniq_maurice
D:11:     layout_loops_corners, uniq_urug
D:12:     layout_loops_ring, orc_0_dummy, enter_trove_5
D:13:     layout_irregular_city, david_vaults_3, serial_shops,
          nicolae_shop_window_shopping, uniq_kirke
D:14:     layout_gridville, palyth_stone_intersect, elves_outpost_lemuel
Temple:   regret_index_temple_chain_breaker
Lair:1:   gammafunk_cloud_chamber, layout_hall_layers, nzn_random_ring,
          grunt_megastairs_3, serial_bayou_shore_b
Lair:2:   layout_chaotic_city, nicolae_spider_entry_tight_spaces, uniq_erica
Lair:3:   layout_chaotic_city, minivault_25, grunt_megastairs_5
Lair:4:   layout_concentric_octagons, minmay_swamp_entry_worms, st_stairs_8
Lair:5:   layout_hall_layers, lemuel_fruit_tree, grunt_megastairs_1,
          lemuel_fruit_fields
Lair:6:   minmay_lair_end_enchanted_forest, layout_loops_ring,
          dpeg_slime_entry_enclosed_altar, grunt_megastairs_4
Orc:1:    layout_diamond_mine, basic_altar
Orc:2:    st_orc_mages, layout_caves, serial_shops, shop

Skill      XL: |  1  2  3  4  5  6  7  8  9 10 11 12 13 14 15 16 |
---------------+-------------------------------------------------+-----
Axes           | 3 4 5 7 8 10 11 12 14 15 17 18 | 18.0
Fighting       | 3 4 5 6 7 8 9 11 12 | 12.4
Shields        | 4 5 6 7 9 10 12 14 15 | 15.0
Armour         | 4 5 6 7 8 9 |  9.9
Invocations    | 11 | 11.3
Stealth        | 4 6 |  6.6

Action                   |  1- 3 |  4- 6 |  7- 9 | 10-12 | 13-15 | 16-18 || total
-------------------------+-------+-------+-------+-------+-------+-------++-------
Melee: War axe           |   103 |   160 |   528 |   328 |   242 |       ||  1361
       Broad axe         |       |       |       |       |  1220 |   362 ||  1582
Throw: Dart              |    18 |    38 |    54 |    21 |    21 |       ||   152
       Throwing net      |       |       |       |     2 |     3 |       ||     5
       Javelin           |       |       |       |       |     5 |       ||     5
Invok: Lesser Servant of |       |       |       |       |     1 |     2 ||     3
 Abil: Heal Wounds       |       |     4 |     8 |    21 |    16 |     5 ||    54
Evoke: Wand              |       |       |    15 |     7 |    11 |     4 ||    37
       Condenser vane    |       |       |       |       |       |     1 ||     1
  Use: Scroll            |       |       |       |     6 |    11 |     2 ||    19
       Potion            |       |       |       |     6 |     2 |       ||     8
 Stab: Held in net/web   |       |       |       |     1 |       |       ||     1
       Sleeping          |       |       |       |       |     7 |     1 ||     8
       Distracted        |       |       |       |       |     1 |       ||     1
Armor: Scale mail        |    50 |    14 |       |       |       |       ||    64
       Plate armour      |       |    96 |   293 |   187 |   270 |    58 ||   904
       Shadow dragon sca |       |       |       |       |   185 |    67 ||   252
Dodge: Dodged            |    27 |    34 |    72 |    69 |   350 |    93 ||   645
Block: Kite shield       |    63 |    91 |   304 |   191 |   766 |   205 ||  1620
